 Dungeon Crawl Stone Soup version 0.32-a0-818-gb728d0252e (webtiles) character file.

Game seed: 13709626015960179849

48 pokeman the Magician (level 3, -1/20 HPs)
             Began as a Deep Elf Hedge Wizard on Mar 23, 2024.
             Slain by Grinder (6 damage)
             ... on level 3 of the Dungeon.
             The game lasted 00:03:37 (2870 turns).

pokeman the Magician (Deep Elf Hedge Wizard)        Turns: 2870, Time: 00:03:39

Health: -1/20      AC:  9    Str:  7    XL:     3   Next: 50%
Magic:  14/20      EV: 11    Int: 20    God:
Gold:   96         SH:  0    Dex: 14    Spells: 4/12 levels left

rFire   . . .        h - +0 flail (protect)
rCold   . . .        (no shield)
rNeg    . . .        b - +0 robe
rPois   .            c - +0 hat
rElec   .            (no cloak)
rCorr   .            (no gloves)
SInv    .            (no boots)
Will    .....        (no amulet)
Stlth   ++           n - ring of magical power
HPRegen 0.23/turn    (no ring)
MPRegen 0.17/turn

%: no passive effects
@: under a protective aura
A: no striking features
a: no special abilities


You were on level 3 of the Dungeon.
You visited 1 branch of the dungeon, and saw 3 of its levels.

You collected 96 gold pieces.

Inventory:

Hand Weapons
 h - a +0 flail of protection (weapon)
Armour
 b - a +0 robe (worn)
 c - a +0 hat (worn)
Magical Staves
 p - a staff of fire
Jewellery
 n - a ring of magical power (left hand)
Scrolls
 f - 2 scrolls of immolation
 i - 2 scrolls of torment {unknown}
 k - a scroll of enchant armour {unknown}
 l - a scroll of amnesia {unknown}
 o - a scroll of identify {unknown}
Potions
 a - a potion of cancellation {unknown}
 d - a potion of magic
 e - a potion of berserk rage {unknown}
 g - 2 potions of haste {unknown}
 j - a potion of enlightenment {unknown}
 m - a potion of lignification {unknown}


   Skills:
 + Level 0.9 Fighting
 + Level 0.9 Armour
 - Level 2.4 Dodging
 - Level 2.4 Stealth
 * Level 5.3 Spellcasting
 + Level 1.8 Conjurations
 - Level 1.1 Summonings
 - Level 1.1 Translocations


You had 4 spell levels left.
You knew the following spells:

 Your Spells              Type           Power      Damage    Failure   Level
a - Magic Dart            Conj           48%        1d5       5%          1
b - Mephitic Cloud        Conj/Alch/Air  7%         N/A       26%         3
c - Call Imp              Summ           18%        N/A       11%         2
d - Blink                 Tloc           18%        N/A       11%         2

Your spell library contained the following spells:

 Spells                   Type           Power      Damage    Failure   Level
 Slow                     Hex            20%        N/A       11%         1
 Cigotuvi's Dreadful Rot  Necr/Alch/Air  10%        N/A       17%         2
 Mercury Vapours          Alch/Air       10%        N/A       17%         2
 Freezing Cloud           Conj/Ice/Air   3%         6-21      94%         5


Dungeon Overview and Level Annotations

Branches:
Dungeon (3/15)

Altars:

Annotations:
D:3 Grinder


Message History

Aiming: Magic Dart (safe; 5% risk of failure)
Press: ? - help, Shift-Dir - straight line, f/p - Grinder
Aim: Grinder (moderately wounded, 100% to hit)
The magic dart hits Grinder.
Grinder is moderately wounded.
Casting: Magic Dart (safe; 5% risk of failure)
Confirm with . or Enter, or press ? or * to list all spells.
Aiming: Magic Dart (safe; 5% risk of failure)
Press: ? - help, Shift-Dir - straight line, f/p - Grinder
Aim: Grinder (moderately wounded, 100% to hit)
The magic dart hits Grinder but does no damage.
Grinder is moderately wounded.
Casting: Magic Dart (safe; 5% risk of failure)
Confirm with . or Enter, or press ? or * to list all spells.
Aiming: Magic Dart (safe; 5% risk of failure)
Press: ? - help, Shift-Dir - straight line, f/p - Grinder
Aim: Grinder (moderately wounded, 100% to hit)
The magic dart hits Grinder.
Grinder is moderately wounded.
Casting: Magic Dart (safe; 5% risk of failure)
Confirm with . or Enter, or press ? or * to list all spells.
A tiny devil pulls itself out of the air.
Grinder attacks as she pursues you! Grinder hits you but does no damage.
Your cerulean imp closely misses Grinder.
You hit Grinder.
Your weapon exudes an aura of protection.
Grinder is moderately wounded.
Grinder gestures at you. Pain shoots through your body!
Ouch! That really hurt!
Your cerulean imp hits Grinder with a -4 spear.
Your cerulean imp hits Grinder with a -4 spear.
You catch the helpless Grinder completely off-guard!
You hit Grinder.
Grinder is heavily wounded.
Grinder hits you.
* * * LOW HITPOINT WARNING * * *
You writhe in agony.
You die...
Grinder says, "Hey, I wasn't done torturing you yet!"

##### #.... #....
############## #....
>............# .†..
......######.###### ##..) .
...........5#....#####.... ...
####.....@5.'.............
....#..#.#.######....#####.###
#....#.#...# #....# #.#
#......#.#.# ###### #5#
.......#<..#.# ...
.##..#######.# ... ## .# .....
## .....


You could see Grinder (ally target) and a friendly cerulean imp (summoned).

Vanquished Creatures
  An orc (D:2)
  3 endoplasms (D:2)
  4 jackals
  2 quokkas
  7 ball pythons
  5 bats
  A frilled lizard (D:2)
  6 goblins
  7 kobolds
  5 rats
41 creatures vanquished.

Notes
Turn   | Place    | Note
-------+----------+-------------------------------------------
     0 | D:1      | pokeman the Deep Elf Hedge Wizard began the quest for the
                  | Orb.
     0 | D:1      | Reached XP level 1. HP: 10/10 MP: 7/7
   119 | D:1      | Found a faded altar of an unknown god.
   574 | D:1      | Reached XP level 2. HP: 11/15 MP: 6/9
  1392 | D:2      | Reached skill level 5 in Spellcasting
  1519 | D:2      | Reached XP level 3. HP: 20/20 MP: 6/11
  1523 | D:2      | Learned a level 3 spell: Mephitic Cloud
  1526 | D:2      | Learned a level 2 spell: Call Imp
  1529 | D:2      | Learned a level 2 spell: Blink
  2731 | D:3      | Noticed Grinder
  2870 | D:3      | Slain by Grinder

Illustrated notes

Levels and vault maps discovered:
D:1:      wander_arrival_estate, layout_loops_corners,
          hellmonk_ecumenical_altar_blasted, minmay_misc_feat_diagonals
D:2:      layout_basic
D:3:      layout_basic, mainiacjoe_overflow_big_doors, serial_shops,
          nicolae_shop_rolling_square, uniq_grinder

Skill      XL: |  1  2 |
---------------+-------+-----
Spellcasting   | 5 |  5.3
Fighting       | |  0.9
Armour         | |  0.9
Dodging        | |  2.4
Stealth        | |  2.4
Conjurations   | |  1.8
Summonings     | |  1.1
Translocations | |  1.1

Action                     || total
---------------------------++-------
  Melee: Flail             ||     2
   Cast: Magic Dart        ||   102
         Call Imp          ||     3
   Stab: Distracted        ||     1
 Armour: Robe              ||    11
  Dodge: Dodged            ||     9

Table legend: (Time is in decaauts)
 A = Elapsed time spent in this place.
 B = Non-inter-level travel time spent in this place.
 C = Inter-level travel time spent in this place.
 D = Time resting spent in this place.
 E = Time spent auto-exploring this place.
 F = Levels seen in this place.
 G = Mean time per level.
                   A        B        C        D        E       F      G
               +--------+--------+--------+--------+--------+-----+--------+
         Total |   2869 |   2729 |    140 |      0 |   2491 |   3 |  956.3 |
       Dungeon |   2869 |   2729 |    140 |      0 |   2491 |   3 |  956.3 |
               +--------+--------+--------+--------+--------+-----+--------+

Top non-repeatable levels by time:
     D:2: 1421 daAuts
     D:1: 1220 daAuts
     D:3: 227 daAuts
